 Dungeon Crawl Stone Soup version 0.29.1-12-g30fa7ad0bf (webtiles) character file.

Game seed: 10167851419298509886

156 styxcanada the Sneak (level 5, -5/26 HPs)
             Began as a Spriggan Brigand on Dec 30, 2022.
             Killed by divine providence
             ... invoked by an orc priest
              (11 damage)
             ... on level 5 of the Dungeon.
             The game lasted 00:10:44 (2627 turns).

styxcanada the Sneak (Spriggan Brigand)             Turns: 2627, Time: 00:10:45

Health: -5/26      AC:  3    Str:  6    XL:     5   Next: 14%
Magic:  7/7        EV: 18    Int: 11    God:
Gold:   177        SH:  0    Dex: 23    Spells: 3/6 levels left

rFire   . . .      SeeInvis +   a - +3 dagger
rCold   . . .      Faith    .   (no shield)
rNeg    . . .      Spirit   .   b - +0 robe
rPois   .          Reflect  .   (helmet restricted)
rElec   .          Harm     .   c - +0 cloak
rCorr   .          Rampage  .   (gloves unavailable)
Will    +....      Rage     3%  (boots unavailable)
Stlth   ++++......              (no amulet)
HPRegen 0.08/turn               g - ring of wizardry
MPRegen 0.10/turn               l - +4 ring of slaying

@: very quick
A: very small, no large weapons, unfitting armour, see invisible, speed 3, agile
1, berserk 1, strong-willed 1, evolution 1
a: no special abilities


You were on level 5 of the Dungeon.
You visited 1 branch of the dungeon, and saw 5 of its levels.

You collected 177 gold pieces.

Inventory:

Hand Weapons
 a - a +3 dagger (weapon)
Missiles
 d - 6 poisoned darts (quivered)
 e - 3 curare-tipped darts
Armour
 b - a +0 robe (worn)
 c - a +0 cloak (worn)
Jewellery
 g - a ring of wizardry (left hand)
 l - a +4 ring of slaying (right hand)
Potions
 h - 2 potions of might
 i - 2 potions of curing
 j - a potion of invisibility
 k - a potion of mutation
 m - a potion of heal wounds


   Skills:
 * Level 2.1 Fighting
 + Level 2.4 Short Blades
 + Level 2.0 Throwing
 * Level 2.3 Dodging
 * Level 7.9 Stealth
 * Level 1.1 Spellcasting
 * Level 0.7 Conjurations
 * Level 0.4 Air Magic
 * Level 1.1 Poison Magic


You had 3 spell levels left.
You knew the following spells:

 Your Spells              Type           Power      Damage    Failure   Level
a - Mephitic Cloud        Conj/Pois/Air  2%         N/A       26%         3

Your spell library contained the following spells:

 Spells                   Type           Power      Damage    Failure   Level
 Ensorcelled Hibernation  Hex/Ice        0%         N/A       19%         2
 Spider Form              Tmut/Pois      1%         N/A       28%         3
 Conjure Flame            Conj/Fire      1%         6-21      32%         3
 Ignite Poison            Fire/Tmut/Pois 1%         N/A       32%         3
 Tukima's Dance           Hex            0%         N/A       34%         3
 Sticky Flame             Conj/Fire      1%         2d3       69%         4
 Anguish                  Hex/Necr       0%         N/A       75%         4
 Passage of Golubria      Tloc           0%         N/A       75%         4
 Freezing Cloud           Conj/Ice/Air   0%         6-21      95%         5
 Yara's Violent Unravell  Hex/Tmut       0%         3d3       96%         5
 Dispersal                Tloc           0%         N/A       100%        6
 Disjunction              Tloc           0%         N/A       100%        8


Dungeon Overview and Level Annotations

Branches:
Dungeon (6/15)
 Temple: D:4-7

Altars:
Hepliaklqana


Innate Abilities, Weirdness & Mutations

You are very small and have problems with some larger weapons.
You are too small for most types of armour.
You have supernaturally acute eyesight. (SInv)
You cover ground extremely quickly. (Speed+++)
You are agile. (Dex +4, Str/Int -1)
You sometimes lose your temper in combat.
You are strong-willed. (Will+)
You have hidden genetic potential.


Message History

Aim: an orc priest, wielding a +0 flail and wearing a +0 scale mail of poison resistance (moderately wounded, poisoned, 72% to hit)
You throw a poisoned dart.
The poisoned dart barely misses the orc priest.
The poisoned dart hits the orc wizard.
The orc wizard is poisoned.
Things that are here:
a +0 trident; an orc corpse
d - 4 poisoned darts (gained 1)
You see here a poisoned dart.
d - 5 poisoned darts (gained 1) Throw: 5 darts (poison)
Press: ? - help, Q - select action, (/) - cycle Shift-Dir - straight line, f/p - orc priest
Aim: an orc priest, wielding a +0 flail and wearing a +0 scale mail of poison resistance (heavily wounded, 72% to hit)
You throw a poisoned dart.
The poisoned dart closely misses the orc priest.
The poisoned dart hits the orc wizard.
The orc wizard looks even sicker.
The orc wizard is heavily wounded.
The orc priest calls down the wrath of Beogh upon you.
Beogh smites you!
The orc priest calls down the wrath of Beogh upon you.
Beogh smites you!
* * * LOW HITPOINT WARNING * * *
d - 5 poisoned darts (gained 1)
You start resting.
You feel a bit more experienced.
You have reached level 5!
You feel agile.
d - 6 poisoned darts (gained 1)
d - 8 poisoned darts (gained 2) Throw: 8 darts (poison)
Press: ? - help, Q - select action, (/) - cycle Shift-Dir - straight line, f/p - orc priest
Aim: an orc priest, wielding a +0 flail and wearing a +0 scale mail of poison resistance (heavily wounded, 72% to hit)
You throw a poisoned dart.
The poisoned dart barely misses the orc priest.
Throw: 7 darts (poison)
Press: ? - help, Q - select action, (/) - cycle Shift-Dir - straight line, f/p - orc priest
Aim: an orc priest, wielding a +0 flail and wearing a +0 scale mail of poison resistance (heavily wounded, 72% to hit)
You throw a poisoned dart. The poisoned dart hits the orc priest.
The orc priest is heavily wounded.
The orc priest calls down the wrath of Beogh upon you.
Beogh smites you!
You die...

#...................#
#................##.##
##..)..(o...........
#...#...o.##........
#>#o#####.##......#.
#..#..## #...........
#.###..####..........
#. ##..#...........?
#. ##@#.##......... #.
####...##......... #.
#........o...?.... ..
#..[..............
#..........(....#.
#............#..#
...######...#.#..#
.### ......# ..
......#


You could see an orc priest and an orc.

Vanquished Creatures
  Terence (D:2)
  An orc wizard (D:5)
  A gnoll (D:1)
  4 adders (D:2)
  A worm (D:2)
  An orc (D:5)
  3 ball pythons
  8 bats
  3 endoplasms
  A giant cockroach (D:2)
  7 goblins
  3 hobgoblins (D:1)
  2 jackals (D:1)
  5 quokkas
  4 frilled lizards
  8 kobolds
  4 rats
57 creatures vanquished.

Notes
Turn   | Place    | Note
-------+----------+-------------------------------------------
     0 | D:1      | styxcanada the Spriggan Brigand began the quest for the
                  | Orb.
     0 | D:1      | Reached XP level 1. HP: 10/10 MP: 2/2
    35 | D:1      | Reached skill level 6 in Stealth
    77 | D:1      | Reached XP level 2. HP: 15/15 MP: 3/3
   311 | D:1      | Reached XP level 3. HP: 15/18 MP: 4/4
   524 | D:1      | Reached skill level 7 in Stealth
   792 | D:1      | Learned a level 3 spell: Mephitic Cloud
  1549 | D:2      | Noticed Terence
  1553 | D:2      | Killed Terence
  1554 | D:2      | Reached skill level 1 in Spellcasting
  1554 | D:2      | Reached XP level 4. HP: 23/23 MP: 6/6
  1759 | D:2      | Found a faded altar of an unknown god.
  1860 | D:2      | Reached skill level 1 in Poison Magic
  2421 | D:3      | Gained mutation: You are agile. (Dex +4, Str/Int -1)
                  | [potion of mutation]
  2421 | D:3      | Gained mutation: You sometimes lose your temper in combat.
                  | [potion of mutation]
  2421 | D:3      | Gained mutation: You have hidden genetic potential. [potion
                  | of mutation]
  2421 | D:3      | Gained mutation: You are strong-willed. (Will+) [potion of
                  | mutation]
  2512 | D:3      | Found a hazy altar of Hepliaklqana.
  2523 | D:3      | You fall into a shaft and drop 3 floors!
  2543 | D:5      | Entered Level 5 of the Dungeon
  2619 | D:5      | Reached XP level 5. HP: 5/26 MP: 7/7
  2627 | D:5      | Killed from afar by an orc priest

Illustrated notes

Levels and vault maps discovered:
D:1:      evilmike_arrival_plus, layout_loops_ring, minmay_tiny_reverse_x
D:2:      layout_loops_corners, serial_glass, glass_columns_a, glass_columns_b,
          hellmonk_ecumenical_altar_inner_sanctum, uniq_terence
D:3:      layout_loops_ring, mainiacjoe_overflow_catwalk
D:5:      layout_rooms, mainiacjoe_overflow_alcove_2
D:6:      layout_basic, lemuel_doored_altar, uniq_prince_ribbit1

Skill      XL: |  1  2  3  4 |
---------------+-------------+-----
Stealth        | 6 7 |  7.9
Dodging        | 2 |  2.3
Fighting       | 2 |  2.1
Spellcasting   | 1 |  1.1
Poison Magic   | 1 |  1.1
Short Blades   | |  2.4
Throwing       | |  2.0
Conjurations   | |  0.7
Air Magic      | |  0.4

Action                   |  1- 3 |  4- 6 || total
-------------------------+-------+-------++-------
Melee: Dagger            |    99 |    27 ||   126
Throw: Dart              |     4 |    13 ||    17
  Use: Scroll            |     3 |     5 ||     8
       Potion            |       |     1 ||     1
 Stab: Sleeping          |    14 |    11 ||    25
Armor: Robe              |     8 |       ||     8
Dodge: Dodged            |    60 |    10 ||    70
